 Dungeon Crawl Stone Soup version 0.26.1-11-gd32895ea62 (webtiles) character file.

Game seed: 7536351287754506873

15 sollk the Firebug (level 2, -3/24 HPs)
             Began as an Ogre Fire Elementalist on July 15, 2021.
             Slain by a leopard gecko (4 damage)
             ... on level 1 of the Dungeon.
             The game lasted 00:02:31 (270 turns).

sollk the Firebug (Ogre Fire Elementalist)           Turns: 270, Time: 00:02:32

Health: -3/24      AC:  4    Str: 11    XL:     2   Next: 50%
Magic:  1/5        EV: 10    Int: 16    God:
Gold:   14         SH:  0    Dex:  9    Spells: 5/6 levels left

rFire    . . .     SeeInvis .   (no weapon)
rCold    . . .     Faith    .   (no shield)
rNeg     . . .     Spirit   .   c - +1 robe
rPois    .         Reflect  .   (helmet restricted)
rElec    .         Harm     .   (no cloak)
rCorr    .         Rampage  .   (gloves unavailable)
Will     .....                  (boots unavailable)
Stlth    +.........             (no amulet)
HPRegen  0.08/turn              (no ring)
MPRegen  0.09/turn              (no ring)

@: no status effects
A: large, unfitting armour, tough skin 1
a: no special abilities


You were on level 1 of the Dungeon.
You visited 1 branch of the dungeon, and saw 1 of its levels.

You collected 14 gold pieces.

Inventory:

Armour
 a - a +0 robe
 c - a +1 robe (worn)
Potions
 e - a potion of curing


   Skills:
 + Level 2.0 Dodging
 + Level 1.4 Stealth
 + Level 0.2 Unarmed Combat
 + Level 2.6 Spellcasting
 + Level 0.9 Conjurations
 + Level 3.0 Fire Magic


You had 5 spell levels left.
You knew the following spells:

 Your Spells              Type           Power        Failure   Level
a - Foxfire               Conj/Fire      32%          9%          1

Your spell library contained the following spells:

 Spells                   Type           Power        Failure   Level
 Conjure Flame            Conj/Fire      8%           26%         3
 Inner Flame              Hex/Fire       7%           30%         3
 Sticky Flame             Conj/Fire      8%           65%         4
 Fireball                 Conj/Fire      4%           94%         5


Dungeon Overview and Level Annotations

Branches:
Dungeon (1/15)

Altars:


Innate Abilities, Weirdness & Mutations

You are too large for most types of armour.
You have tough skin. (AC +1)


Message History

The leopard gecko is severely wounded.
The leopard gecko misses you. The kobold hits you with a +0 dagger.
* * * LOW HITPOINT WARNING * * *
The rat bites you but does no damage.
You closely miss the leopard gecko.
The leopard gecko is severely wounded.
The leopard gecko barely misses you. The kobold hits you with a +0 dagger.
* * * LOW HITPOINT WARNING * * *
The rat barely misses you.
The leopard gecko completely misses you.
You barely miss the leopard gecko.
The leopard gecko is severely wounded.
The kobold hits you but does no damage. The rat barely misses you.
The leopard gecko bites you.
* * * LOW HITPOINT WARNING * * *
You barely miss the leopard gecko.
The leopard gecko is severely wounded.
The kobold hits you but does no damage. The rat bites you but does no damage.
The leopard gecko bites you.
You die...

.# ### .# #######.##### .## .
#........... ......
#.###.....## #.##.#
#.##.......####.##.## ###
#.#.............#...##
##.#####.##r.................
#.........rl@....####..#...##
##)#####.##K#...## #..##)###
#.# #.#####.## #..(.....
######b# #.# #.# #.###.###
.....K.# #.# #.# #........
######r# #.# #.# ####.†...
#.# #[# #.# #.#### ######.#
#.# #.# #†##


)brr.r(# #.# ..#########..### You could see a leopard gecko, a kobold and 2
rats.

Vanquished Creatures
  A dart slug (D:1)
  A giant cockroach (D:1)
  2 hobgoblins (D:1)
  A jackal (D:1)
  5 bats (D:1)
  2 kobolds (D:1)
12 creatures vanquished.

Vanquished Creatures (others)
  17 foxfires (D:1)
17 creatures vanquished.

Grand Total: 29 creatures vanquished

Notes
Turn   | Place    | Note
-------+----------+-------------------------------------------
     0 | D:1      | sollk the Ogre Fire Elementalist began the quest for the
                  | Orb.
     0 | D:1      | Reached XP level 1. HP: 16/16 MP: 3/3
    71 | D:1      | Reached skill level 3 in Fire Magic
    71 | D:1      | Reached XP level 2. HP: 23/24 MP: 1/5
   269 | D:1      | HP: 1/24 [leopard gecko (2)]
   270 | D:1      | Slain by a leopard gecko

Illustrated notes

Levels and vault maps discovered:
D:1:      lightli_arrival_isolated_outpost, layout_loops_ring,
          minmay_pentomino_w4

Skill      XL: |  1  2 |
---------------+-------+-----
Fire Magic     | 3 |  3.0
Dodging        | 2 |  2.0
Stealth        | |  1.4
Unarmed Combat | |  0.2
Spellcasting   | |  2.6
Conjurations   | |  0.9

Action                   || total
-------------------------++-------
Melee: Unarmed           ||    45
 Cast: Foxfire           ||    19
  Use: Scroll            ||     2
       Potion            ||     1
Armor: Robe              ||    20
Dodge: Dodged            ||    43
